 Dungeon Crawl Stone Soup version 0.30-b1-2-g02819fbbbe (webtiles) character file.

Game seed: 17832381079145090913

9664 LLlMATKO the Fighter (level 11, 0/102 HPs)
             Began as a Minotaur Berserker on Sept 10, 2023.
             Was an Elder of Trog.
             Succumbed to Erica's bolt of poison
             ... on level 10 of the Dungeon.
             The game lasted 00:07:27 (9150 turns).

LLlMATKO the Fighter (Minotaur Berserker)           Turns: 9150, Time: 00:07:28

Health: 0/102      AC: 15    Str: 31    XL:     11   Next: 26%
Magic:  10/10      EV: 15    Int:  4    God:    Trog [****..]
Gold:   493        SH:  0    Dex: 17    Spells: 10/10 levels left

rFire   . . .        b - +0 hand axe (heavy)
rCold   . . .        (no shield)
rNeg    . . .        J - +0 chain mail {rPois}
rPois   +            B - +2 hat
rElec   .            F - +0 cloak
rCorr   .            (no gloves)
SInv    .            (no boots)
Will    .....        (no amulet) Stlth
                     a - +6 ring of strength
HPRegen 0.37/turn    o - +6 ring of dexterity
MPRegen 0.12/turn

%: no passive effects
@: lethally poisoned (0 -> -10), on berserk cooldown, slowed, very slow
A: horns 2, retaliatory headbutt
a: Renounce Religion, Berserk, Trog's Hand, Brothers in Arms


You were on level 10 of the Dungeon.
You worshipped Trog.
Trog was greatly pleased with you.
You visited 1 branch of the dungeon, and saw 10 of its levels.

You collected 493 gold pieces.

Inventory:

Hand Weapons
 b - a +0 heavy hand axe (weapon)
 G - a +2 heavy spear
Armour
 B - a +2 hat (worn)
 F - a +0 cloak (worn)
 J - a +0 chain mail of poison resistance (worn)
Jewellery
 a - a +6 ring of strength (left hand)
 o - a +6 ring of dexterity (right hand)
 v - a +6 ring of strength
 L - a ring of willpower
 M - a ring of ice
Wands
 t - a wand of flame (15)
 D - a wand of paralysis (2)
Scrolls
 c - 3 scrolls of fear {unknown}
 d - 8 scrolls of teleportation {unknown}
 g - 4 scrolls of enchant weapon {unknown}
 h - 2 scrolls of magic mapping {unknown}
 i - 5 scrolls of identify {unknown}
 j - 3 scrolls of amnesia {unknown}
 k - 4 scrolls of enchant armour {unknown}
 l - 2 scrolls of fog {unknown}
 p - 4 scrolls of torment {unknown}
 r - a scroll of brand weapon {unknown}
 s - a scroll of vulnerability {unknown}
 w - 3 scrolls of poison {unknown}
 y - a scroll of silence {unknown}
 H - a scroll of immolation {unknown}
 I - a scroll of blinking {unknown}
Potions
 e - 2 potions of attraction {unknown}
 f - 2 potions of berserk rage {unknown}
 m - 6 potions of might {unknown}
 n - 2 potions of haste
 q - 3 potions of heal wounds {unknown}
 u - 7 potions of curing {unknown}
 x - 2 potions of lignification {unknown}
 z - 2 potions of flight {unknown}
 A - a potion of invisibility {unknown}
 C - a potion of degeneration {unknown}
 E - 3 potions of brilliance {unknown}
 K - a potion of resistance {unknown}


   Skills:
 + Level 11.2 Fighting
 + Level 11.2 Axes
 + Level 10.9 Armour
 + Level 10.0 Dodging


You had 10 spell levels left.
You didn't know any spells.
Your spell library was empty.

Dungeon Overview and Level Annotations

Branches:
Dungeon (10/15)            Temple (0/1) D:5
   Lair: D:8-11         Orc: D:9-12

Altars:
Fedhas
Kikubaaqudgha
Okawaru
Qazlal
Trog
Vehumet

Annotations:
D:10 Erica


Innate Abilities, Weirdness & Mutations

You have a pair of horns on your head.
You reflexively headbutt those who attack you in melee.


Message History

Unknown command.
Something hits you!
* * * LOW HITPOINT WARNING * * *
Something burns you.
* * * LOW HITPOINT WARNING * * *
Unknown command.
You hear some strange, mumbled words.
You are more confused.
Unknown command.
You hit something but do no damage. Your headbutt misses something.
Erica appears from thin air!
Reactivating autopickup.
Erica closely misses you.
You closely miss Erica.
Erica is heavily wounded.
Erica hits you but does no damage.
Erica points at you and mumbles some strange words.
The lance of force misses you.
Unknown command.
Unknown command.
Erica misses you.
Erica hits you with a +0 scimitar of flaming.
* * * LOW HITPOINT WARNING * * *
Erica burns you.
* * * LOW HITPOINT WARNING * * *
Unknown command.
Erica casts a spell at you. The bolt of poison hits you.
You are lethally poisoned!
You resist.
* * * LOW HITPOINT WARNING * * *
You feel less confused.
* * * LOW HITPOINT WARNING * * *
You feel very sick. Erica gestures at you while chanting.
You feel as though you will be slow longer.
Unknown command.
You slash Erica!
Erica is severely wounded.
You die...

....#.....#
.#..#.....#........#
.#..#.....#........#
.#..#.....+........#
....##....#........#
###+##....#........#
..........#........#
..........#.!......#
..........#.....@..#
..........#.....@..#
≈.........#........#
≈≈........#........#
≈.≈.......#........#
≈.........#........#
≈.........#....###.#
≈≈...#....#....# #.#
≈≈...#....#....###.#


You could see Erica.

Vanquished Creatures
  Snorg (D:10)
  A centaur warrior (D:10)
  A tengu warrior (D:10)
  A two-headed ogre (D:9)
  2 kobold demonologists (D:10)
  2 trolls
  Prince Ribbit (D:6)
  A slime creature (D:10)
  3 wyverns
  12 yaks
  A steam dragon (D:9)
  An acid dragon (D:9)
  3 orc warriors
  2 ice beasts (D:8)
  2 black bears (D:7)
  2 sky beasts (D:7)
  4 centaurs
  An ogre (D:6)
  2 phantoms
  2 kobold brigands (D:10)
  4 bullfrogs
  2 scorpions
  A gnoll sergeant (D:9)
  7 wights (D:7)
  A howler monkey (D:9)
  3 hounds
  3 jellies
  2 gnoll boudas
  9 orc priests
  Crazy Yiuf (D:6)
  Jessica (D:2)
  6 iguanas
  8 orc wizards
  A mummy (D:5)
  5 adders
  19 gnolls
  2 worms
  A dart slug (D:2)
  30 orcs
  4 endoplasms
  3 giant cockroaches
  7 goblins
  6 hobgoblins
  11 kobolds
  2 quokkas
  4 ball pythons
  4 bats
  A frilled lizard (D:1)
  A hobgoblin zombie (D:5)
  2 kobold zombies (D:5)
  An orc zombie (D:5)
  3 rats
200 creatures vanquished.

Vanquished Creatures (others)
  A giant cockroach (D:2)
  A hobgoblin (D:2)
  6 fungi (D:5)
8 creatures vanquished.

Grand Total: 208 creatures vanquished

Notes
Turn   | Place    | Note
-------+----------+-------------------------------------------
     0 | D:1      | LLlMATKO the Minotaur Berserker began the quest for the
                  | Orb.
     0 | D:1      | Reached XP level 1. HP: 19/19 MP: 0/0
   112 | D:1      | Reached XP level 2. HP: 25/27 MP: 1/1
   789 | D:2      | Noticed Jessica
   795 | D:2      | Killed Jessica
   796 | D:2      | Reached XP level 3. HP: 18/33 MP: 2/2
  1395 | D:3      | Reached ** piety under Trog
  1636 | D:3      | Noticed a black bear
  1636 | D:3      | Noticed a bullfrog
  1717 | D:3      | Reached XP level 4. HP: 39/40 MP: 3/3
  2088 | D:4      | Reached XP level 5. HP: 46/47 MP: 4/4
  2230 | D:4      | Reached skill level 5 in Fighting
  2374 | D:4      | Reached skill level 5 in Axes
  2513 | D:4      | Reached XP level 6. HP: 56/56 MP: 5/5
  3234 | D:5      | Entered Level 5 of the Dungeon
  3452 | D:5      | Found a staircase to the Ecumenical Temple.
  3570 | D:5      | Reached skill level 5 in Armour
  3570 | D:5      | Reached XP level 7. HP: 31/62 MP: 6/6
  4233 | D:6      | Reached *** piety under Trog
  4381 | D:6      | Reached skill level 5 in Dodging
  4609 | D:6      | Reached XP level 8. HP: 53/71 MP: 7/7
  4774 | D:6      | Found an iron altar of Okawaru.
  4821 | D:6      | Noticed Prince Ribbit
  4831 | D:6      | Killed Prince Ribbit
  4969 | D:6      | Found a runed translucent door.
  4970 | D:6      | Noticed Crazy Yiuf
  4975 | D:6      | Killed Crazy Yiuf
  5142 | D:7      | Found a bloodstained altar of Trog.
  5156 | D:7      | Reached XP level 9. HP: 81/81 MP: 8/8
  5382 | D:7      | Reached **** piety under Trog
  5517 | D:7      | Found an ancient bone altar of Kikubaaqudgha.
  5688 | D:7      | You fall into a shaft and drop 1 floor!
  6434 | D:8      | Found a blossoming altar of Fedhas.
  6759 | D:9      | Reached XP level 10. HP: 46/91 MP: 9/9
  7165 | D:9      | Found a radiant altar of Vehumet.
  7363 | D:9      | Noticed a two-headed ogre
  7370 | D:9      | Killed a two-headed ogre
  7495 | D:9      | Reached skill level 10 in Fighting
  7495 | D:9      | Reached skill level 10 in Axes
  7830 | D:9      | Found a radiant altar of Vehumet.
  8132 | D:10     | Entered Level 10 of the Dungeon
  8159 | D:10     | Reached skill level 10 in Armour
  8402 | D:10     | Noticed a tengu warrior
  8403 | D:10     | Noticed a centaur warrior
  8411 | D:10     | Killed a centaur warrior
  8414 | D:10     | Killed a tengu warrior
  8416 | D:10     | Reached XP level 11. HP: 101/101 MP: 10/10
  8675 | D:10     | Found a stormy altar of Qazlal.
  8717 | D:10     | Noticed a two-headed ogre
  8724 | D:10     | Noticed Snorg
  8736 | D:10     | Killed Snorg
  9081 | D:10     | Reached skill level 10 in Dodging
  9120 | D:10     | Noticed Erica
  9149 | D:10     | HP: 4/102 [poisoned by Erica (bolt of poison)]
  9150 | D:10     | Succumbed to Erica's bolt of poison

Illustrated notes

Levels and vault maps discovered:
D:1:      dpeg_arrival_morbid_curiosity, layout_basic
D:2:      layout_rooms, lemuel_flame_loot_1, uniq_jessica
D:3:      layout_rooms, grunt_ministairs_11, lightli_corner_chamber
D:4:      layout_basic
D:5:      layout_rooms, minmay_temple_entry_mist, serial_aquarium,
          aquarium_bridge_straight [aquarium_subvault_bridge,
          aquarium_subvault_wall, aquarium_subvault_bridge,
          aquarium_subvault_balcony], aquarium_window_1, aquarium_window_fake,
          aquarium_view_2c, aquarium_view_2g, aquarium_pool_corner,
          minmay_mini_ossuary
D:6:      layout_rooms, kennysheep_okawaru_gauntlet, uniq_prince_ribbit1,
          uniq_crazy_yiuf_cottage
D:7:      layout_loops_ring, mainiacjoe_overflow_boulevard,
          trog_ov_bears_minmay, sigmund_army
D:8:      layout_rooms, fedhas_bush_and_centaur_altar
D:9:      layout_rooms, mainiacjoe_overflow_catwalk,
          hangedman_abyss_or_decor_stabs
D:10:     minmay_cornered_nines, layout_stronghold,
          nicolae_qazlal_general_emergency, kennysheep_small_spiral,
          nicolae_fountain_basement, uniq_harold, uniq_snorg, uniq_erica

Skill      XL: |  1  2  3  4  5  6  7  8  9 10 11 |
---------------+----------------------------------+-----
Fighting       | 4 5 6 7 9 10 11 | 11.2
Axes           | 4 5 6 7 9 10 11 | 11.2
Armour         | 3 4 5 6 7 9 10 | 10.9
Dodging        | 3 4 5 6 8 9 10 | 10.0

Action                     |  1- 3 |  4- 6 |  7- 9 | 10-12 || total
---------------------------+-------+-------+-------+-------++-------
  Melee: Hand axe          |    60 |    80 |   180 |   111 ||   431
         Headbutt          |     7 |     7 |    37 |    26 ||    77
         Punch             |       |     1 |     1 |       ||     2
         Spear             |       |       |     5 |       ||     5
 Invoke: Berserk           |       |     5 |     4 |     9 ||    18
 Armour: Animal skin       |    10 |       |       |       ||    10
         Ring mail         |     3 |    19 |       |       ||    22
         Chain mail        |       |    12 |    72 |    81 ||   165
         Plate armour      |       |       |    27 |       ||    27
  Dodge: Dodged            |    36 |    48 |   151 |   107 ||   342
